 Dungeon Crawl Stone Soup version 0.30-a0-297-g0ec75d9ef4 (webtiles) character file.

Game seed: 5064668346776287229

10640 ytrimaz the Blocker (level 11, 0/133 HPs)
             Began as a Gnoll Fighter on Oct 17, 2022.
             Was an Initiate of Gozag.
             Slain by a komodo dragon (6 damage)
             ... on level 1 of the Lair of Beasts on Oct 18, 2022.
             The game lasted 00:14:50 (10207 turns).

ytrimaz the Blocker (Gnoll Fighter)                Turns: 10207, Time: 00:14:51

Health: 0/133      AC: 25    Str: 18    XL:     11   Next: 65%
Magic:  21/21      EV:  2    Int: 10    God:    Gozag
Gold:   377        SH:  0    Dex: 11    Spells: 23/23 levels left

rFire   . . .      SeeInvis .    a - +0 war axe
rCold   . . .      Faith    .    (no shield)
rNeg    . . .      Spirit   .    (body armour currently unavailable)
rPois   +          Reflect  .    (helmet currently unavailable)
rElec   .          Harm     .    (cloak currently unavailable)
rCorr   +          Rampage  .    (gloves currently unavailable)
Will    +....      NoTele   +    (boots currently unavailable)
Stlth   +.........               (no amulet)
HPRegen 0.42/turn                y - ring of resist corrosion
MPRegen 0.17/turn                r - ring of willpower

@: confused, tree-form, ambrosia-drunk
A: stationary, stasis, torment immunity, boosted hp, (fangs 1), strong nose,
distributed training, mutation resistance 1
a: Renounce Religion, Potion Petition, Call Merchant, Bribe Branch


You were on level 1 of the Lair of Beasts.
You worshipped Gozag.
Gozag was aware of your devotion.
You were a tree.
You visited 3 branches of the dungeon, and saw 13 of its levels.

You collected 2058 gold pieces.
You paid 1681 gold pieces to Gozag.


Innate Abilities, Weirdness & Mutations

You are a tree.
Your roots penetrate the ground, keeping you stationary.
You cannot be teleported.
You are immune to unholy pain and torment.
Your maximum health is greatly increased.
Your equipment is partially melded.
((You have very sharp teeth.))
Your uncanny sense of smell can sniff out nearby items.
Your experience applies equally to all skills.
You are somewhat resistant to further mutation.


   Skills:
 + Level 9.5 Fighting
 + Level 6.7 Short Blades
 + Level 6.7 Long Blades
 + Level 8.2 Axes
 + Level 6.7 Maces & Flails
 + Level 6.7 Polearms
 + Level 6.7 Staves
 + Level 6.7 Ranged Weapons
 + Level 6.7 Throwing
 + Level 9.5 Armour
 + Level 6.7 Dodging
 + Level 6.7 Stealth
 + Level 9.5 Shields
 + Level 6.7 Unarmed Combat
 + Level 6.7 Spellcasting
 + Level 5.6 Conjurations
 + Level 5.6 Hexes
 + Level 5.6 Summonings
 + Level 5.6 Necromancy
 + Level 5.6 Translocations
 + Level 5.6 Transmutations
 + Level 5.6 Fire Magic
 + Level 5.6 Ice Magic
 + Level 5.6 Air Magic
 + Level 5.6 Earth Magic
 + Level 5.6 Poison Magic
 + Level 7.4 Invocations
 + Level 6.7 Evocations


You had 23 spell levels left.
You didn't know any spells.
Your spell library contained the following spells:

 Spells                   Type           Power      Damage    Failure   Level
 Freeze                   Ice            56%        1d7       1%          1
 Magic Dart               Conj           56%        1d5       1%          1
 Call Imp                 Summ           14%        N/A       3%          2
 Scorch                   Fire           28%        2d6       3%          2
 Frozen Ramparts          Ice            28%        1d5       6%          3
 Hailstorm                Conj/Ice       14%        3d5       6%          3
 Ignite Poison            Fire/Tmut/Pois 14%        N/A       6%          3
 Kindle Blastsparks       Fire/Tloc/Air  28%        2d12      6%          3
 Mephitic Cloud           Conj/Pois/Air  14%        N/A       6%          3
 Flame Wave               Conj/Fire      14%        2d6       19%         4
 Freezing Cloud           Conj/Ice/Air   7%         6-21      47%         5
 Summon Cactus Giant      Summ           7%         N/A       96%         6

Inventory:

Hand Weapons
 a - a +0 war axe (weapon)
 B - a +5 arbalest
   (You found it on level 7 of the Dungeon)
 D - a +5 hand axe
   (You took it off a wight on level 8 of the Dungeon)
 E - a +2 battleaxe
   (You took it off a wight on level 8 of the Dungeon)
Missiles
 C - a throwing net (quivered)
Armour
 e - a +1 ring mail of cold resistance (melded)
   (You found it on level 3 of the Dungeon)
 g - a +0 cloak (melded)
   (You found it on level 1 of the Dungeon)
 p - the +0 helmet "Ybinnunemm" (melded) {Contam rN+++ Regen+ Int-2}
   (You found it on level 3 of the Dungeon)

   Int:       It affects your intelligence (-2).
   rN:        It renders you almost immune to negative energy.
   Contam:    It causes magical contamination when unequipped.
   Regen:     It increases your rate of health regeneration.
 v - a +0 pair of gloves (melded)
   (You found it on level 4 of the Dungeon)
Jewellery
 l - a +6 ring of intelligence
   (You took it off a gnoll on level 3 of the Dungeon)
 r - a ring of willpower (right branch)
   (You found it on level 4 of the Dungeon)
 y - a ring of resist corrosion (left branch)
   (You found it on level 6 of the Dungeon)
 A - a ring of willpower
   (You found it on level 6 of the Dungeon)
Wands
 c - a wand of charming (2)
   (You took it off a kobold brigand on level 10 of the Dungeon)
 d - a wand of polymorph (6)
   (You found it on level 11 of the Dungeon)
 z - a wand of iceblast (21)
   (You found it on level 6 of the Dungeon)
 G - a wand of flame (7)
   (You found it on level 8 of the Dungeon)
 K - a wand of mindburst (6)
   (You found it on level 9 of the Dungeon)
Scrolls
 b - 3 scrolls of noise
 i - a scroll of magic mapping
 k - a scroll of blinking
 m - a scroll of fear
 n - 3 scrolls of amnesia
 s - a scroll of enchant armour
 t - 6 scrolls of teleportation
 u - 3 scrolls of fog
 H - 2 scrolls of vulnerability
Potions
 j - a potion of flight
 o - a potion of mutation
 w - 3 potions of attraction
 I - 10 potions of degeneration
 J - a potion of brilliance {unknown}
 L - 2 potions of curing
 M - a potion of magic {unknown}

Dungeon Overview and Level Annotations

Branches:
Dungeon (11/15) Zot: 26643  Temple (1/1) D:6 Zot: 5886    Lair (1/5) D:10 Zot: 5987
    Orc (0/2) D:9

Altars:
Ashenzari
Cheibriados
Dithmenos
Elyvilon
Fedhas
Gozag
Hepliaklqana
Kikubaaqudgha
Makhleb
Nemelex Xobeh
Okawaru
Qazlal
Ru
Sif Muna
Trog
Uskayaw
Vehumet
Wu Jian
Xom
Yredelemnul
Zin
The Shining One

#........
+.......#
#.......#
#.......#
##.......#
#........#
#.......#
#...<...#
#.♣.....#
#l......#
####+##P#
## ∆


You could see a komodo dragon.


Message History

You regained 3 hp, and now have 36/89 hp.
Unknown command.
You start resting.
You feel yourself speed up. 😮 HP[+21]
You regained 21 hp, and now have 57/89 hp.
You start resting.
Your extra speed is starting to run out. 😮 HP[+6]
You regained 6 hp, and now have 63/89 hp.
You flicker for a moment.
You recover from your berserk rage.
Key pressed, stopping explore.
You feel yourself slow down.
You flicker back into view.
Key pressed, stopping explore.
You now have 288 gold pieces (gained 4).
You now have 291 gold pieces (gained 3).
You now have 295 gold pieces (gained 4).
You now have 306 gold pieces (gained 11).
You now have 323 gold pieces (gained 17).
You now have 340 gold pieces (gained 17).
You now have 348 gold pieces (gained 8).
You now have 359 gold pieces (gained 11).
Found a stone staircase leading down. 😎 HP[+26]
Your hp is fully restored (89).
Key pressed, stopping explore.
Unknown command.
d - a wand of polymorph (6)
You now have 377 gold pieces (gained 18).
You see here 2 large rocks.
Found a stone staircase leading up.
You start to feel less resistant.
t - 6 scrolls of teleportation (gained 1)
Your resistance to elements expires.
A two-headed ogre comes into view.
It is wielding a +0 giant club and a +0 giant spiked club.
A two-headed ogre is nearby!
A two-headed ogre is nearby!
Unknown command.
There is a stone staircase leading up here.
You climb upwards.
There is a stone staircase leading down here.
Unknown command.
Search for what [Enter for "whip", or ? for help]? lair
There is a stone staircase leading down here.
There is a staircase to the Lair here.
You climb downwards.
Welcome to the Lair of Beasts!
There is a staircase back to the Dungeon here.
Unknown command.
The helpless komodo dragon fails to defend itself.
You slash the komodo dragon! You bite the komodo dragon.
The komodo dragon bites you! 😕 HP[-14]
You take 14 damage, and now have 75/89 hp.
You closely miss the komodo dragon. The komodo dragon bites you!!
The komodo dragon closely misses you. 😮 HP[-19]
You take 19 damage, and now have 56/89 hp.
MASSIVE DAMAGE!! (PAUSE)
You hit the komodo dragon but do no damage.
You bite the komodo dragon, but do no damage.
The komodo dragon bites you! 😮 HP[-9]
You take 9 damage, and now have 47/89 hp.
You are too injured to fight recklessly!
You hit the komodo dragon. The komodo dragon bites you!!
* * * LOW HITPOINT WARNING * * *
😨 HP[-17]
You take 17 damage, and now have 30/89 hp.
You are too injured to fight recklessly!
Unknown command.
You hit the komodo dragon.
The komodo dragon completely misses you. 😨 HP[+1]
You hit the komodo dragon. The komodo dragon bites you.
* * * LOW HITPOINT WARNING * * *
😨 HP[-5]
You take 5 damage, and now have 26/89 hp.
Unknown command.
You hit the komodo dragon. The komodo dragon bites you!
* * * LOW HITPOINT WARNING * * *
😱 HP[-15]
You take 15 damage, and now have 11/89 hp.
Unknown command.
Really quaff the potion of lignification?
You turn into a tree.
Your +0 cloak melds into your body.
The +0 helmet "Ybinnunemm" {Contam rN+++ Regen+ Int-2} melds into your body.
Your +0 pair of gloves melds into your body.
Your +1 ring mail of cold resistance melds into your body.
You feel less resistant to cold.
Your roots penetrate the ground.
The komodo dragon bites you!
* * * LOW HITPOINT WARNING * * *
😱 HP[-10]
You now have 133 max hp (+44).
You need at least 400 gold to purchase potions right now!
You are confused.
You feel invigorated. The komodo dragon bites you.
You die...
Your body crumbles into a pile of gold.

Skill      XL: |  1  2  3  4  5  6  7  8  9 10 11 |
---------------+----------------------------------+-----
Short Blades   | 1 2 3 4 5 6 |  6.7
Long Blades    | 1 2 3 4 5 6 |  6.7
Maces & Flails | 1 2 3 4 5 6 |  6.7
Polearms       | 1 2 3 4 5 6 |  6.7
Staves         | 1 2 3 4 5 6 |  6.7
Ranged Weapons | 1 2 3 4 5 6 |  6.7
Throwing       | 1 2 3 4 5 6 |  6.7
Dodging        | 1 2 3 4 5 6 |  6.7
Stealth        | 1 2 3 4 5 6 |  6.7
Unarmed Combat | 1 2 3 4 5 6 |  6.7
Spellcasting   | 1 2 3 4 5 6 |  6.7
Invocations    | 1 2 3 4 5 6 7 |  7.4
Evocations     | 1 2 3 4 5 6 |  6.7
Conjurations   | 1 2 3 4 5 |  5.6
Hexes          | 1 2 3 4 5 |  5.6
Summonings     | 1 2 3 4 5 |  5.6
Necromancy     | 1 2 3 4 5 |  5.6
Translocations | 1 2 3 4 5 |  5.6
Transmutations | 1 2 3 4 5 |  5.6
Fire Magic     | 1 2 3 4 5 |  5.6
Ice Magic      | 1 2 3 4 5 |  5.6
Air Magic      | 1 2 3 4 5 |  5.6
Earth Magic    | 1 2 3 4 5 |  5.6
Poison Magic   | 1 2 3 4 5 |  5.6
Axes           | 5 6 7 8 |  8.2
Fighting       | 7 8 9 |  9.5
Armour         | 7 8 9 |  9.5
Shields        | 7 8 9 |  9.5

Action                   |  1- 3 |  4- 6 |  7- 9 | 10-12 || total
-------------------------+-------+-------+-------+-------++-------
Melee: War axe           |    72 |   127 |   195 |    22 ||   416
       Bite              |     7 |    19 |    45 |    57 ||   128
       Whip              |       |    10 |   178 |       ||   188
       Punch             |       |       |     2 |    17 ||    19
       Hand axe          |       |       |       |   417 ||   417
 Fire: Arbalest          |       |       |     3 |     6 ||     9
Throw: Throwing net      |       |       |       |     1 ||     1
Invok: Potion Petition   |       |       |       |     3 ||     3
  Use: Potion            |     6 |     1 |     4 |    10 ||    21
       Scroll            |     1 |     6 |     4 |     9 ||    20
 Stab: Distracted        |       |       |     3 |     2 ||     5
       Sleeping          |       |       |       |     5 ||     5
       Invisible         |       |       |       |     2 ||     2
Armor: Scale mail        |    47 |    73 |       |       ||   120
       Skin              |     3 |     1 |     7 |     1 ||    12
       Ring mail         |       |       |   191 |   171 ||   362
Dodge: Dodged            |    43 |    59 |   200 |   251 ||   553
Block: Buckler           |    22 |    43 |    94 |       ||   159

Levels and vault maps discovered:
D:1:      minmay_arrival_arboretum_small, layout_rooms, basic_ecumenical_altar
D:2:      layout_loops_ring, uniq_terence
D:3:      layout_basic, nicolae_overflow_hallway_of_the_gods,
          hellmonk_okawaru_the_only_friend_you_need, uniq_ijyb
D:4:      layout_layer_cave, mainiacjoe_overflow_concentric_impassable
D:5:      layout_loops_corners
D:6:      layout_basic, temple_statues, minivault_23, solitary_fountain,
          uniq_eustachio
D:7:      layout_basic, old_standard_altar
D:8:      layout_loops_ring, elyvilon_altar_1, mainiacjoe_overflow_boulevard
D:9:      layout_irregular_city, erik_orc_1
D:10:     layout_basic, hellmonk_lair_entry_icy, gammafunk_ghost_nasty_kobolds
D:11:     layout_small_grid, hangedman_glass_teeth, kennysheep_generic_room_14
Temple:   hellmonk_temple_beads
Lair:1:   layout_roguey, uniq_prince_ribbit2

Notes
Turn   | Place    | Note
-------+----------+-------------------------------------------
     0 | D:1      | ytrimaz the Gnoll Fighter began the quest for the Orb.
     0 | D:1      | Reached XP level 1. HP: 23/23 MP: 1/1
     0 | D:1      | magus.rc [v1.9.6]
     0 | D:1      | Upgraded the game from 0.30-a0-292-g0f741e3f8e to
                  | 0.30-a0-297-g0ec75d9ef4
     0 | D:1      | magus.rc [v1.9.6]
     3 | D:1      | You pick up a book of Minor Magic and begin reading...
     3 | D:1      | You add the spells Magic Dart, Call Imp and Mephitic Cloud
                  | to your library.
    28 | D:1      | Found a faded altar of an unknown god.
    81 | D:1      | Reached XP level 2. HP: 20/29 MP: 2/2
   629 | D:2      | Reached XP level 3. HP: 35/35 MP: 3/3
   906 | D:2      | Noticed Terence
   919 | D:2      | HP: 7/35 [Terence/+0 short sword (5)]
   921 | D:2      | Gained mutation: Your body sometimes deteriorates upon
                  | taking damage. [potion of mutation]
   921 | D:2      | Gained mutation: You are clumsy. (Dex -2) [potion of
                  | mutation]
   925 | D:2      | HP: 9/52 [Terence/+0 short sword (2)]
   928 | D:2      | Killed Terence
   929 | D:2      | Reached skill level 1 in Short Blades
   929 | D:2      | Reached skill level 1 in Long Blades
   929 | D:2      | Reached skill level 1 in Maces & Flails
   929 | D:2      | Reached skill level 1 in Polearms
   929 | D:2      | Reached skill level 1 in Staves
   929 | D:2      | Reached skill level 1 in Ranged Weapons
   929 | D:2      | Reached skill level 1 in Throwing
   929 | D:2      | Reached skill level 1 in Dodging
   929 | D:2      | Reached skill level 1 in Stealth
   929 | D:2      | Reached skill level 1 in Unarmed Combat
   929 | D:2      | Reached skill level 1 in Spellcasting
   929 | D:2      | Reached skill level 1 in Invocations
   929 | D:2      | Reached skill level 1 in Evocations
   929 | D:2      | Reached XP level 4. HP: 12/41 MP: 5/5
  1066 | D:2      | Lost mutation: Your body sometimes deteriorates upon taking
                  | damage. [potion of mutation]
  1066 | D:2      | Lost mutation: You are clumsy. (Dex -2) [potion of
                  | mutation]
  1066 | D:2      | Gained mutation: You are somewhat resistant to further
                  | mutation. [potion of mutation]
  1480 | D:3      | You pick up a book of Frost and begin reading...
  1480 | D:3      | You add the spells Freeze, Frozen Ramparts and Hailstorm to
                  | your library.
  1483 | D:3      | Found a snail-covered altar of Cheibriados.
  1483 | D:3      | Found a hide-covered altar of Uskayaw.
  1483 | D:3      | Found a sacrificial altar of Ru.
  1490 | D:3      | Reached skill level 1 in Conjurations
  1490 | D:3      | Reached skill level 1 in Hexes
  1490 | D:3      | Reached skill level 1 in Summonings
  1490 | D:3      | Reached skill level 1 in Necromancy
  1490 | D:3      | Reached skill level 1 in Translocations
  1490 | D:3      | Reached skill level 1 in Transmutations
  1490 | D:3      | Reached skill level 1 in Fire Magic
  1490 | D:3      | Reached skill level 1 in Ice Magic
  1490 | D:3      | Reached skill level 1 in Air Magic
  1490 | D:3      | Reached skill level 1 in Earth Magic
  1490 | D:3      | Reached skill level 1 in Poison Magic
  1595 | D:3      | Found a radiant altar of Vehumet.
  1598 | D:3      | Found a shimmering blue altar of Sif Muna.
  1602 | D:3      | Found an opulent altar of Gozag.
  1618 | D:3      | Found a broken altar of Ashenzari.
  1619 | D:3      | Found a stormy altar of Qazlal.
  1621 | D:3      | Became a worshipper of Gozag Ym Sagoz the Greedy
  1672 | D:3      | Reached XP level 5. HP: 47/47 MP: 5/7
  1937 | D:3      | You pick up a book of Scorching and begin reading...
  1937 | D:3      | You add the spells Scorch, Flame Wave and Summon Cactus
                  | Giant to your library.
  2037 | D:3      | Identified the +0 helmet "Ybinnunemm" {Contam rN+++ Regen+
                  | Int-2}
  2058 | D:3      | Noticed Ijyb
  2092 | D:3      | Killed Ijyb
  2362 | D:3      | Found an iron altar of Okawaru.
  2581 | D:4      | Reached skill level 2 in Invocations
  2581 | D:4      | Reached XP level 6. HP: 50/53 MP: 8/8
  2605 | D:4      | Reached skill level 2 in Short Blades
  2605 | D:4      | Reached skill level 2 in Long Blades
  2605 | D:4      | Reached skill level 5 in Axes
  2605 | D:4      | Reached skill level 2 in Maces & Flails
  2605 | D:4      | Reached skill level 2 in Polearms
  2605 | D:4      | Reached skill level 2 in Staves
  2605 | D:4      | Reached skill level 2 in Ranged Weapons
  2605 | D:4      | Reached skill level 2 in Throwing
  2605 | D:4      | Reached skill level 2 in Dodging
  2605 | D:4      | Reached skill level 2 in Stealth
  2605 | D:4      | Reached skill level 2 in Unarmed Combat
  2605 | D:4      | Reached skill level 2 in Spellcasting
  2605 | D:4      | Reached skill level 2 in Evocations
  2772 | D:4      | You add the spells Kindle Blastsparks, Ignite Poison and
                  | Freezing Cloud to your library.
  2773 | D:4      | Found an ornate altar of the Wu Jian Council.
  2786 | D:4      | Noticed a black bear
  2798 | D:4      | Killed a black bear
  2977 | D:4      | Reached skill level 7 in Fighting
  2977 | D:4      | Reached skill level 7 in Armour
  2977 | D:4      | Reached skill level 7 in Shields
  2977 | D:4      | Reached XP level 7. HP: 59/60 MP: 10/10
  3445 | D:4      | Reached skill level 2 in Conjurations
  3445 | D:4      | Reached skill level 2 in Hexes
  3445 | D:4      | Reached skill level 2 in Summonings
  3445 | D:4      | Reached skill level 2 in Necromancy
  3445 | D:4      | Reached skill level 2 in Translocations
  3445 | D:4      | Reached skill level 2 in Transmutations
  3445 | D:4      | Reached skill level 2 in Fire Magic
  3445 | D:4      | Reached skill level 2 in Ice Magic
  3445 | D:4      | Reached skill level 2 in Air Magic
  3445 | D:4      | Reached skill level 2 in Earth Magic
  3445 | D:4      | Reached skill level 2 in Poison Magic
  3810 | D:5      | Entered Level 5 of the Dungeon
  3975 | D:5      | Reached skill level 3 in Invocations
  4271 | D:5      | Reached skill level 3 in Short Blades
  4271 | D:5      | Reached skill level 3 in Long Blades
  4271 | D:5      | Reached skill level 3 in Maces & Flails
  4271 | D:5      | Reached skill level 3 in Polearms
  4271 | D:5      | Reached skill level 3 in Staves
  4271 | D:5      | Reached skill level 3 in Ranged Weapons
  4271 | D:5      | Reached skill level 3 in Throwing
  4271 | D:5      | Reached skill level 3 in Dodging
  4271 | D:5      | Reached skill level 3 in Stealth
  4271 | D:5      | Reached skill level 3 in Unarmed Combat
  4271 | D:5      | Reached skill level 3 in Spellcasting
  4271 | D:5      | Reached skill level 3 in Evocations
  4271 | D:5      | Reached XP level 8. HP: 56/67 MP: 12/12
  4841 | D:6      | Reached skill level 3 in Conjurations
  4841 | D:6      | Reached skill level 3 in Hexes
  4841 | D:6      | Reached skill level 3 in Summonings
  4841 | D:6      | Reached skill level 3 in Necromancy
  4841 | D:6      | Reached skill level 3 in Translocations
  4841 | D:6      | Reached skill level 3 in Transmutations
  4841 | D:6      | Reached skill level 3 in Fire Magic
  4841 | D:6      | Reached skill level 3 in Ice Magic
  4841 | D:6      | Reached skill level 3 in Air Magic
  4841 | D:6      | Reached skill level 3 in Earth Magic
  4841 | D:6      | Reached skill level 3 in Poison Magic
  4841 | D:6      | Reached skill level 4 in Invocations
  4868 | D:6      | Reached skill level 6 in Axes
  5093 | D:6      | Reached skill level 4 in Short Blades
  5093 | D:6      | Reached skill level 4 in Long Blades
  5093 | D:6      | Reached skill level 4 in Maces & Flails
  5093 | D:6      | Reached skill level 4 in Polearms
  5093 | D:6      | Reached skill level 4 in Staves
  5093 | D:6      | Reached skill level 4 in Ranged Weapons
  5093 | D:6      | Reached skill level 4 in Throwing
  5093 | D:6      | Reached skill level 4 in Dodging
  5093 | D:6      | Reached skill level 4 in Stealth
  5093 | D:6      | Reached skill level 4 in Unarmed Combat
  5093 | D:6      | Reached skill level 4 in Spellcasting
  5093 | D:6      | Reached skill level 4 in Evocations
  5093 | D:6      | Reached XP level 9. HP: 48/74 MP: 13/15
  5125 | D:6      | Noticed Eustachio
  5153 | D:6      | Killed Eustachio
  5355 | D:6      | Found a staircase to the Ecumenical Temple.
  5542 | Temple   | Entered the Ecumenical Temple
  5703 | D:7      | Found a shimmering altar of Xom.
  5742 | D:7      | Noticed a hornet
  5751 | D:7      | Paralysed by a hornet for 2 turns
  5754 | D:7      | HP: 11/74 [hornet (12)]
  5761 | D:7      | HP: 25/111 [hornet (6)]
  5766 | D:7      | Killed a hornet
  5767 | D:7      | Reached skill level 8 in Fighting
  5767 | D:7      | Reached skill level 8 in Armour
  5767 | D:7      | Reached skill level 8 in Shields
  5916 | D:7      | Reached skill level 5 in Invocations
  6581 | D:8      | Reached skill level 4 in Conjurations
  6581 | D:8      | Reached skill level 4 in Hexes
  6581 | D:8      | Reached skill level 4 in Summonings
  6581 | D:8      | Reached skill level 4 in Necromancy
  6581 | D:8      | Reached skill level 4 in Translocations
  6581 | D:8      | Reached skill level 4 in Transmutations
  6581 | D:8      | Reached skill level 4 in Fire Magic
  6581 | D:8      | Reached skill level 4 in Ice Magic
  6581 | D:8      | Reached skill level 4 in Air Magic
  6581 | D:8      | Reached skill level 4 in Earth Magic
  6581 | D:8      | Reached skill level 4 in Poison Magic
  6680 | D:8      | Reached skill level 5 in Short Blades
  6680 | D:8      | Reached skill level 5 in Long Blades
  6680 | D:8      | Reached skill level 5 in Maces & Flails
  6680 | D:8      | Reached skill level 5 in Polearms
  6680 | D:8      | Reached skill level 5 in Staves
  6680 | D:8      | Reached skill level 5 in Ranged Weapons
  6680 | D:8      | Reached skill level 5 in Throwing
  6680 | D:8      | Reached skill level 5 in Dodging
  6680 | D:8      | Reached skill level 5 in Stealth
  6680 | D:8      | Reached skill level 5 in Unarmed Combat
  6680 | D:8      | Reached skill level 5 in Spellcasting
  6680 | D:8      | Reached skill level 5 in Evocations
  6680 | D:8      | Reached XP level 10. HP: 47/81 MP: 17/17
  6786 | D:8      | Found a white marble altar of Elyvilon.
  6808 | D:8      | Reached skill level 7 in Axes
  6936 | D:8      | Found a glowing silver altar of Zin.
  7690 | D:9      | Reached skill level 6 in Invocations
  8028 | D:9      | Found a staircase to the Orcish Mines.
  8527 | D:10     | Entered Level 10 of the Dungeon
  8761 | D:10     | Found a staircase to the Lair.
  8771 | D:10     | Reached skill level 9 in Fighting
  8771 | D:10     | Reached skill level 9 in Armour
  8771 | D:10     | Reached skill level 9 in Shields
  8813 | D:10     | Reached skill level 6 in Short Blades
  8813 | D:10     | Reached skill level 6 in Long Blades
  8813 | D:10     | Reached skill level 6 in Maces & Flails
  8813 | D:10     | Reached skill level 6 in Polearms
  8813 | D:10     | Reached skill level 6 in Staves
  8813 | D:10     | Reached skill level 6 in Ranged Weapons
  8813 | D:10     | Reached skill level 6 in Throwing
  8813 | D:10     | Reached skill level 6 in Dodging
  8813 | D:10     | Reached skill level 6 in Stealth
  8813 | D:10     | Reached skill level 6 in Unarmed Combat
  8813 | D:10     | Reached skill level 6 in Spellcasting
  8813 | D:10     | Reached skill level 6 in Evocations
  8838 | D:10     | Reached skill level 5 in Conjurations
  8838 | D:10     | Reached skill level 5 in Hexes
  8838 | D:10     | Reached skill level 5 in Summonings
  8838 | D:10     | Reached skill level 5 in Necromancy
  8838 | D:10     | Reached skill level 5 in Translocations
  8838 | D:10     | Reached skill level 5 in Transmutations
  8838 | D:10     | Reached skill level 5 in Fire Magic
  8838 | D:10     | Reached skill level 5 in Ice Magic
  8838 | D:10     | Reached skill level 5 in Air Magic
  8838 | D:10     | Reached skill level 5 in Earth Magic
  8838 | D:10     | Reached skill level 5 in Poison Magic
  8838 | D:10     | Reached XP level 11. HP: 78/89 MP: 20/20
  9329 | D:10     | Found a runed translucent gate.
  9330 | D:10     | Found a runed translucent gate.
  9330 | D:10     | Found a runed translucent gate.
  9330 | D:10     | Noticed KennySheep's ghost (journeyman OgCA)
  9619 | D:10     | Killed KennySheep's ghost
  9619 | D:10     | HP: 19/89 [spore (11)]
  9620 | D:10     | Reached skill level 7 in Invocations
  9719 | D:10     | Identified the +1 great mace of Deflation {venom, Int+2}
  9833 | D:11     | Reached skill level 8 in Axes
  9834 | D:11     | HP: 13/89 [yak (12)]
 10004 | D:11     | Noticed a cyclops
 10014 | D:11     | HP: 20/89 [cyclops (17)]
 10019 | D:11     | HP: 2/89 [cyclops (22)]
 10024 | D:11     | Killed a cyclops
 10142 | D:11     | Noticed a two-headed ogre
 10196 | Lair:1   | Entered Level 1 of the Lair of Beasts
 10205 | Lair:1   | HP: 11/89 [komodo dragon (17)]
 10206 | Lair:1   | HP: 1/133 [komodo dragon (16)]
 10207 | Lair:1   | Slain by a komodo dragon

Vanquished Creatures
  The ghost of KennySheep the Basher, a journeyman OgCA of Okawaru (D:10)
  A cyclops (D:11)
  A rime drake (D:10)
  A kobold demonologist (D:10)
  2 trolls
  A hornet (D:7)
  A shadow (D:10)
  A vampire (D:10)
  11 yaks (D:11)
  A wyvern (D:9)
  Eustachio (D:6)
  3 steam dragons
  2 vampire mosquitoes (D:11)
  2 acid dragons (D:9)
  A water moccasin (D:5)
  A swamp drake (D:9)
  6 ice beasts
  5 orc warriors
  3 sky beasts
  3 black bears
  3 ogres
  3 centaurs
  2 wolves (D:10)
  6 kobold brigands (D:10)
  6 bullfrogs
  2 necrophages
  6 scorpions
  16 wights
  3 howler monkeys
  3 orc priests
  4 hounds
  A gnoll bouda (D:8)
  Terence (D:2)
  2 jellies
  2 iguanas
  10 orc wizards
  Ijyb (D:3)
  8 gnolls
  6 adders
  2 shadow imps
  2 white imps
  A worm (D:3)
  3 dart slugs
  38 orcs
  8 ball pythons
  4 endoplasms
  A giant cockroach (D:3)
  12 hobgoblins
  4 kobolds
  5 quokkas
  3 bats (D:1)
  3 frilled lizards
  3 rats
222 creatures vanquished.

Table legend:
 A = Non-vault XP
 B = Vault XP
 C = Vault XP percentage of total XP
 D = Non-vault monster count
 E = Vault monster count
 F = Vault count percentage of total count
                 A         B        C        D         E       F
            +---------+---------+-------+---------+---------+-------
      Total |   11486 |    3715 |  24.4 |     187 |      35 |  15.8
            +---------+---------+-------+---------+---------+-------
        D:1 |      25 |       0 |   0.0 |      16 |       0 |   0.0
        D:2 |      38 |      40 |  51.3 |      13 |       1 |   7.1
        D:3 |     136 |      35 |  20.5 |      20 |       1 |   4.8
        D:4 |     454 |       0 |   0.0 |      17 |       0 |   0.0
        D:5 |     923 |       0 |   0.0 |      12 |       0 |   0.0
        D:6 |    1377 |     197 |  12.5 |      23 |       1 |   4.2
        D:7 |     775 |       0 |   0.0 |      10 |       0 |   0.0
        D:8 |    1666 |       0 |   0.0 |      32 |       0 |   0.0
        D:9 |    1573 |     555 |  26.1 |      20 |      17 |  45.9
       D:10 |     911 |    2888 |  76.0 |       8 |      15 |  65.2
       D:11 |    3608 |       0 |   0.0 |      16 |       0 |   0.0
            +---------+---------+-------+---------+---------+-------

Illustrated notes

Table legend:
 A = Kills in this place as a percentage of kills in entire the game.
 B = Kills by you in this place as a percentage of kills by you in the entire game.
 C = Kills by friends in this place as a percentage of kills by friends in the entire game.
 D = Other kills in this place as a percentage of other kills in the entire game.
 E = Experience gained in this place as a percentage of experience gained in the entire game.
 F = Experience gained in this place divided by the number of levels of this place that you have seen.
                   A       B       C       D       E      F
               +-------+-------+-------+-------+-------+----------------------
         Total | 100.0 | 100.0 |   N/A |   N/A | 100.0 | 1169.3
       Dungeon | 100.0 | 100.0 |   N/A |   N/A | 100.0 | 1381.9
               +-------+-------+-------+-------+-------+----------------------

Table legend: (Time is in decaauts)
 A = Elapsed time spent in this place.
 B = Non-inter-level travel time spent in this place.
 C = Inter-level travel time spent in this place.
 D = Time resting spent in this place.
 E = Time spent auto-exploring this place.
 F = Levels seen in this place.
 G = Mean time per level.
                   A        B        C        D        E       F      G
               +--------+--------+--------+--------+--------+-----+--------+
         Total |  10218 |   9643 |    575 |     45 |   7404 |  13 |  786.0 |
       Dungeon |  10093 |   9530 |    563 |     45 |   7313 |  11 |  917.5 |
        Temple |    113 |    101 |     12 |      0 |     91 |   1 |  113.0 |
          Lair |     11 |     11 |      0 |      0 |      0 |   1 |   11.0 |
               +--------+--------+--------+--------+--------+-----+--------+

Top non-repeatable levels by time:
     D:3: 1342 daAuts
    D:10: 1311 daAuts
     D:4: 1237 daAuts
     D:9: 1042 daAuts
     D:8: 1006 daAuts
     D:5: 943 daAuts
     D:6: 829 daAuts
     D:7: 780 daAuts
     D:2: 772 daAuts
     D:1: 516 daAuts
    D:11: 311 daAuts
  Temple: 113 daAuts
  Lair:1: 11 daAuts
